 Dungeon Crawl Stone Soup version 0.21-a0-632-g1e37ce5188 (webtiles) character file.

49772 Geomchi the Martial Artist (level 14, -13/124 HPs)
             Began as an Octopode Transmuter on Dec 27, 2017.
             Was a High Priest of Cheibriados.
             Mangled by a deep troll (21 damage)
             ... while paralysed by an ogre mage
             ... on level 2 of the Orcish Mines.
             The game lasted 00:34:47 (25519 turns).

Geomchi the Martial Artist (Octopode Transmuter)   Turns: 25519, Time: 00:34:47

Health: -13/124    AC: 12    Str: 22    XL:     14   Next: 52%
Magic:  14/20      EV:  1    Int: 33    God:    Cheibriados [*****.]
Gold:   127        SH:  0    Dex: 35    Spells: 2/18 levels left

rFire    . . .     SeeInvis +     - Unarmed
rCold    + + .     Gourm    .   (shield currently unavailable)
rNeg     + . .     Faith    .   (helmet currently unavailable)
rPois    +         Spirit   .   m - +3 amulet of reflection
rElec    +         Reflect  +   g - +4 ring of protection
rCorr    +         Harm     .   r - ring "Viorch" {*Contam rElec Int+3 Dex+9 SInv}
MR       +....                  J - ring of Heet {Fire rElec rPois}
Stlth    +++.......             v - ring of positive energy
HPRegen  0.30/turn              K - ring of resist corrosion
MPRegen  0.17/turn              (no ring)
                                (no ring)
                                (no ring)

@: paralysed, ice-form (expiring), very slow
A: large, almost no armour, stealthy swim, amphibious, 8 rings, (constrict 8)
a: End Transformation, Bend Time, Temporal Distortion, Slouch, Step From Time,
Renounce Religion


You were on level 2 of the Orcish Mines.
You worshipped Cheibriados.
Cheibriados was extremely pleased with you.
You were not hungry.
You were a creature of crystalline ice.
You visited 4 branches of the dungeon, and saw 20 of its levels.
You visited the Abyss 1 time.

You collected 1457 gold pieces.
You spent 1330 gold pieces at shops.

Inventory:

Missiles
 a - 278 arrows
Armour
 n - a +2 buckler (melded)
Jewellery
 g - a +4 ring of protection (left front paw)
 m - a +3 amulet of reflection (around neck)
 r - the ring "Viorch" (right front paw) {*Contam rElec Int+3 Dex+9 SInv}
   (You found it on level 5 of the Dungeon)

   [ring of see invisible]

   It affects your intelligence (+3).
   It affects your dexterity (+9).
   It insulates you from electricity.
   It lets you see invisible.
   It causes magical contamination when unequipped.
 v - a ring of positive energy (on tentacle)
 A - an uncursed amulet of the gourmand
 J - the ring of Heet (on tentacle) {Fire rElec rPois}
   (You found it on level 6 of the Lair of Beasts)

   [ring of fire]

   It enhances your fire magic.
   It protects you from fire.
   It makes you vulnerable to cold.
   It insulates you from electricity.
   It protects you from poison.
 K - a ring of resist corrosion (on tentacle)
Wands
 e - a wand of enslavement (11)
 l - a wand of flame (92)
 z - a wand of acid (26)
 B - a wand of iceblast (6)
 C - a wand of paralysis (11)
 D - a wand of clouds (5)
Scrolls
 f - 7 scrolls of remove curse
 j - 2 scrolls of amnesia
 k - 3 scrolls of teleportation
 o - 6 scrolls of identify
 y - 3 scrolls of enchant weapon
 F - 2 scrolls of fear {unknown}
 G - 2 scrolls of immolation {unknown}
 I - 2 scrolls of enchant armour {unknown}
 M - a scroll of magic mapping {unknown}
Potions
 h - 3 potions of ambrosia
 i - 3 potions of curing
 s - a potion of might
 t - 3 potions of flight
 x - a potion of cancellation
 E - 2 potions of brilliance {unknown}
 H - a potion of resistance {unknown}
Books
 b - a book of Changes

   Spells                             Type                      Level
   a - Beastly Appendage              Transmutation                1
   b - Sticks to Snakes               Transmutation                2
   c - Spider Form                    Transmutation/Poison         3
   d - Ice Form                       Ice/Transmutation            4
   e - Blade Hands                    Transmutation                5
 d - a book of Necromancy

   Spells                             Type                      Level
   a - Pain                           Necromancy                   1
   b - Animate Skeleton               Necromancy                   1
   c - Vampiric Draining              Necromancy                   3
   d - Regeneration                   Charms/Necromancy            3
   e - Animate Dead                   Necromancy                   4
   f - Borgnjor's Vile Clutch         Necromancy/Earth             5
 p - a book of the Tempests

   Spells                             Type                      Level
   a - Static Discharge               Conjuration/Air              3
   b - Lightning Bolt                 Conjuration/Air              5
   c - Ignition                       Fire                         8
   d - Tornado                        Air                          9
   e - Shatter                        Earth                        9
 q - a book of Air

   Spells                             Type                      Level
   a - Shock                          Conjuration/Air              1
   b - Swiftness                      Charms/Air                   2
   c - Static Discharge               Conjuration/Air              3
   d - Airstrike                      Air                          4
   e - Lightning Bolt                 Conjuration/Air              5
 u - a book of Flames

   Spells                             Type                      Level
   a - Flame Tongue                   Conjuration/Fire             1
   b - Throw Flame                    Conjuration/Fire             2
   c - Conjure Flame                  Conjuration/Fire             3
   d - Inner Flame                    Hexes/Fire                   3
   e - Sticky Flame                   Conjuration/Fire             4
   f - Fireball                       Conjuration/Fire             5
 w - a book of Maledictions

   Spells                             Type                      Level
   a - Corona                         Hexes                        1
   b - Ensorcelled Hibernation        Hexes/Ice                    2
   c - Confuse                        Hexes                        3
   d - Tukima's Dance                 Hexes                        3
   e - Dazzling Spray                 Conjuration/Hexes            3
 L - a book of Frost

   Spells                             Type                      Level
   a - Freeze                         Ice                          1
   b - Throw Frost                    Conjuration/Ice              2
   c - Ozocubu's Armour               Charms/Ice                   3
   d - Throw Icicle                   Conjuration/Ice              4
   e - Summon Ice Beast               Ice/Summoning                4
 N - a book of Transfigurations

   Spells                             Type                      Level
   a - Irradiate                      Conjuration/Transmutation    5
   b - Statue Form                    Transmutation/Earth          6
   c - Hydra Form                     Transmutation                6
   d - Dragon Form                    Transmutation                7
Comestibles
 c - 41 rations


   Skills:
 + Level 12.7 Fighting
 - Level 12.0 Dodging
 + Level 13.2 Unarmed Combat
 * Level 2.6 Spellcasting
 - Level 9.0 Transmutations
 - Level 4.0 Ice Magic
 - Level 8.0 Invocations


You had 2 spell levels left.
You knew the following spells:

 Your Spells              Type           Power        Failure   Level  Hunger
a - Beastly Appendage     Tmut           ######       1%          1    None
b - Spider Form           Tmut/Pois      ####......   2%          3    ###....
c - Ice Form              Ice/Tmut       #####...     4%          4    ####...
d - Blade Hands           Tmut           ######....   4%          5    ######.
e - Regeneration          Chrm/Necr      #.........   19%         3    ###....


Dungeon Overview and Level Annotations

Branches:
Dungeon (11/15)            Temple (1/1) D:5            Lair (6/6) D:9
  Swamp (0/4) Lair:2       Spider (0/4) Lair:3        Slime (0/5) Lair:6
    Orc (2/2) D:9
    Elf: Orc:2

Altars:
Ashenzari
Cheibriados
Dithmenos
Elyvilon
Fedhas
Gozag
Hepliaklqana
Kikubaaqudgha
Makhleb
Nemelex Xobeh
Okawaru
Qazlal
Ru
Sif Muna
Trog
Uskayaw
Vehumet
Wu Jian
Xom
Yredelemnul
Zin
The Shining One

Shops:
D:4 (   D:11 *   Orc:1 =:

Annotations:
D:7 1 exclusion
Lair:6 exclusion: oklob plant, MirrMurr's ghost, journeyman OgBe
Orc:2 Azrael


Innate Abilities, Weirdness & Mutations

You cannot wear most types of armour.
You are very stealthy in the water. (Stealth+)
You are amphibious.
You can wear up to eight rings at the same time.
((You can use your tentacles to constrict eight enemies at once.))
((Your skin changes colour to match your surroundings (Stealth+).))
((Your rubbery body absorbs attacks. (AC +1, EV +1)))


Message History

The fire elemental hits you. The fire elemental burns you!
The fire elemental moves out of view.
Azrael gestures at you.
The bolt of fire hits the hell hound.
The hell hound completely resists.
The bolt of fire hits you! The deep troll completely misses you.
The deep troll claws you!
* * * LOW HITPOINT WARNING * * *
The deep troll claws you but does no damage.
The ogre hits you with a giant spiked club!
* * * LOW HITPOINT WARNING * * *
A two-headed ogre comes into view.
It is wielding a giant club and a giant spiked club.
The two-headed ogre shouts in stereo!
A hell hound and a fire elemental come into view.
The fire elemental hits you. The fire elemental burns you!
* * * LOW HITPOINT WARNING * * *
The ogre mage gestures wildly while chanting.
The ogre mage seems to speed up.
The hell hound bites you!
* * * LOW HITPOINT WARNING * * *
The deep troll bites you!!
You die...

##..E.†.E #
##......h. ..
#....§..<. ...
##....R....
....#.......#.#
.............#
.....TOh.....#.
..).)O.YO......
...OO.TOE......
...O...O......#
O.).T..).......
.)).).......#.#
....[[[$.......
........#...#.#
....[).........


You could see Azrael, 5 two-headed ogres, an ogre mage, 2 deep trolls, a troll,
3 fire elementals, 2 hell hounds and 3 ogres.

Vanquished Creatures
  Nessos (Lair:6)
  Snorg (Lair:3)
  Harold (Lair:1)
  3 hydras
  3 two-headed ogres
  Sonja (Lair:4)
  Urug (D:11)
  The ghost of Shaidar the Cleaver, a novice MiBe of Trog (D:6)
  2 unseen horrors
  An orc knight (Orc:1)
  An orc sorcerer (Orc:1)
  9 elephants
  A cyclops (D:11)
  3 black mambas (Lair:6)
  24 spiny frogs
  A kobold demonologist (D:11)
  3 komodo dragons (Lair:6)
  5 trolls
  3 tyrant leeches (Lair:6)
  5 jumping spiders (Lair:3)
  Prince Ribbit (D:7)
  A slime creature (D:6)
  18 blink frogs
  7 hippogriffs
  A spriggan (D:7)
  3 redbacks (Lair:3)
  35 yaks
  3 wyverns
  A hog (shapeshifter) (D:9)
  3 basilisks
  A hungry ghost (D:11)
  6 vampire mosquitoes (Lair:6)
  A soldier ant (D:11)
  A hell hound (Orc:2)
  11 water moccasins
  12 porcupines
  12 orc warriors
  3 phantoms
  4 sky beasts
  A necrophage (D:8)
  An ice beast (D:6)
  4 black bears
  11 ogres
  5 centaurs
  15 crocodiles
  17 bullfrogs
  6 big kobolds
  A scorpion (D:7)
  18 killer bees
  19 wights
  3 electric eels
  4 crimson imps
  9 howler monkeys
  2 quasits
  5 jellies
  A bullfrog skeleton (D:9)
  3 hounds
  16 orc wizards
  8 orc priests
  A centaur skeleton (D:10)
  4 iguanas
  9 worker ants
  A hound skeleton (D:9)
  A worker ant zombie (D:7)
  A gnoll (D:8)
  A howler monkey skeleton (D:4)
  11 adders
  A shadow imp (D:8)
  6 oozes
  An adder zombie (D:8)
  An adder skeleton (D:7)
  3 worms
  A dart slug (D:3)
  4 leopard geckos
  61 orcs
  5 giant cockroaches
  9 goblins
  4 hobgoblins
  13 jackals
  8 quokkas
  A ball python (D:4)
  8 bats
  4 frilled lizards
  24 kobolds
  2 quokka zombies (D:5)
  3 rats
  A fungus (Lair:6)
532 creatures vanquished.

Vanquished Creatures (others)
  A black mamba (Lair:6)
  An orc (D:7)
  2 kobolds
  31 bushes (Lair:6)
  22 fungi
  71 plants
  8 toadstools (D:6)
136 creatures vanquished.

Grand Total: 668 creatures vanquished

Notes
Turn   | Place    | Note
-------+----------+-------------------------------------------
     0 | D:1      | Geomchi the Octopode Transmuter began the quest for the Orb.
     0 | D:1      | Reached XP level 1. HP: 13/13 MP: 3/3
   186 | D:1      | Reached XP level 2. HP: 15/18 MP: 3/5
   988 | D:2      | Reached XP level 3. HP: 16/23 MP: 4/6
   993 | D:2      | Learned a level 3 spell: Spider Form
  1958 | D:3      | Reached XP level 4. HP: 28/28 MP: 5/7
  1960 | D:3      | Reached skill level 4 in Unarmed Combat
  2825 | D:3      | Found a glowing golden altar of the Shining One.
  2825 | D:3      | Found a white marble altar of Elyvilon.
  3035 | D:3      | Found a shadowy altar of Dithmenos.
  3035 | D:3      | Found an ancient bone altar of Kikubaaqudgha.
  3145 | D:3      | Reached XP level 5. HP: 31/35 MP: 8/8
  3434 | D:4      | Found Laanud's Antique Weapon Shop.
  3656 | D:4      | Reached skill level 5 in Unarmed Combat
  3656 | D:4      | Reached XP level 6. HP: 42/42 MP: 9/9
  3706 | D:4      | Found an iron altar of Okawaru.
  3836 | D:4      | Found an opulent altar of Gozag.
  4644 | D:5      | Entered Level 5 of the Dungeon
  4766 | D:5      | Found a hazy altar of Hepliaklqana.
  4961 | D:5      | Noticed a sky beast
  4979 | D:5      | Killed a sky beast
  4979 | D:5      | Reached XP level 7. HP: 13/48 MP: 7/10
  5271 | D:5      | Found a staircase to the Ecumenical Temple.
  5280 | Temple   | Entered the Ecumenical Temple
  5395 | Temple   | Became a worshipper of Cheibriados the Contemplative
  5502 | D:5      | Got a transparent turquoise ring
  5941 | D:6      | Reached skill level 6 in Unarmed Combat
  5993 | D:6      | Noticed Shaidar's ghost (novice MiBe)
  6006 | D:6      | Found a blossoming altar of Fedhas.
  6039 | D:6      | Identified the ring "Viorch" {*Contam rElec Int+3 Dex+9 SInv} (You found it on level 5 of the Dungeon)
  6068 | D:6      | Reached skill level 5 in Fighting
  6068 | D:6      | Reached XP level 8. HP: 13/55 MP: 11/11
  6440 | D:6      | Learned a level 4 spell: Ice Form
  6475 | D:6      | Noticed a slime creature
  6646 | D:6      | Reached skill level 5 in Transmutations
  6658 | D:6      | Killed a slime creature
  6658 | D:6      | Reached skill level 1 in Ice Magic
  6961 | D:6      | Reached * piety under Cheibriados
  7380 | D:7      | Noticed a spriggan baker
  7391 | D:7      | Killed a spriggan baker
  7391 | D:7      | Reached skill level 7 in Unarmed Combat
  7703 | D:6      | HP: 1/57 [Shaidar's ghost (12)]
  7705 | D:6      | Killed Shaidar's ghost
  7705 | D:6      | Reached XP level 9. HP: 2/63 MP: 10/12
  8468 | D:7      | Reached ** piety under Cheibriados
  8572 | D:7      | Reached skill level 8 in Unarmed Combat
  8996 | D:7      | Noticed Prince Ribbit
  9148 | D:7      | Killed Prince Ribbit
  9148 | D:7      | Reached XP level 10. HP: 68/71 MP: 10/13
  9344 | D:7      | Reached skill level 1 in Invocations
  9453 | D:7      | Reached *** piety under Cheibriados
 11130 | D:9      | Reached skill level 9 in Unarmed Combat
 11667 | D:9      | Reached **** piety under Cheibriados
 11717 | D:9      | Found a staircase to the Lair.
 12317 | D:9      | Reached XP level 11. HP: 78/78 MP: 9/14
 12417 | D:9      | Learned a level 5 spell: Blade Hands
 12907 | D:9      | Reached skill level 5 in Invocations
 13242 | D:9      | Reached skill level 10 in Unarmed Combat
 13550 | D:9      | Found a staircase to the Orcish Mines.
 13707 | D:10     | Entered Level 10 of the Dungeon
 13736 | D:10     | Noticed a two-headed ogre
 13742 | D:10     | Killed a two-headed ogre
 14241 | D:10     | Noticed an unseen horror
 14261 | D:10     | Killed an unseen horror
 14539 | D:10     | Noticed a two-headed ogre
 14548 | D:10     | Killed a two-headed ogre
 14568 | D:10     | Reached skill level 5 in Dodging
 14573 | D:10     | Reached ***** piety under Cheibriados
 14888 | D:10     | Found a stormy altar of Qazlal.
 15074 | D:11     | Noticed a cyclops
 15087 | D:11     | Killed a cyclops
 15087 | D:11     | Reached skill level 10 in Fighting
 15204 | D:11     | Reached XP level 12. HP: 87/87 MP: 14/16
 15236 | D:11     | Noticed Urug
 15579 | D:11     | Killed Urug
 15825 | D:11     | Found Ric Xeps's Assorted Antiques.
 15833 | D:11     | Bought a scroll of blinking for 150 gold pieces
 15833 | D:11     | Bought a papyrus book for 300 gold pieces
 15935 | D:11     | Noticed a two-headed ogre
 15940 | D:11     | Killed a two-headed ogre
 15940 | D:11     | Reached skill level 11 in Unarmed Combat
 16642 | Lair:1   | Entered Level 1 of the Lair of Beasts
 17005 | Lair:1   | Noticed Harold
 17012 | Lair:1   | Killed Harold
 18277 | Lair:2   | Found a staircase to the Swamp.
 19239 | Lair:3   | Reached XP level 13. HP: 67/95 MP: 15/19
 19406 | Lair:3   | Found a hole to the Spider Nest.
 20022 | Lair:4   | Noticed Snorg
 20034 | Lair:3   | Killed Snorg
 20240 | Lair:4   | Noticed Sonja
 21253 | Lair:5   | Reached skill level 12 in Unarmed Combat
 21471 | Lair:5   | Reached skill level 10 in Dodging
 21969 | Lair:6   | Entered Level 6 of the Lair of Beasts
 22155 | Lair:6   | Noticed Nessos
 22171 | Lair:6   | Killed Nessos
 22395 | Lair:6   | Found a glowing golden altar of the Shining One.
 22662 | Lair:6   | Reached XP level 14. HP: 48/103 MP: 16/20
 22854 | Lair:6   | Learned a level 3 spell: Regeneration
 22862 | Lair:6   | Noticed MirrMurr's ghost (journeyman OgBe)
 22870 | Lair:6   | HP: 4/123 [komodo dragon (27)]
 23526 | Lair:6   | Got a coiled pewter ring
 23539 | Lair:6   | Identified the ring of Heet {Fire rElec rPois} (You found it on level 6 of the Lair of Beasts)
 23647 | Lair:6   | Reached skill level 13 in Unarmed Combat
 23670 | Lair:6   | Found a staircase to the Slime Pits.
 24087 | Lair:4   | Paralysed by Sonja for 6 turns
 24091 | Lair:4   | Cast into level 2 of the Abyss (Sonja)
 24100 | Lair:4   | Escaped the Abyss
 24102 | Lair:4   | Killed Sonja
 24945 | Orc:1    | Entered Level 1 of the Orcish Mines
 24945 | Orc:1    | Found Nenkycox's Jewellery Shop.
 24947 | Orc:1    | Found Ushaefub's Book Shoppe.
 25421 | Orc:1    | Bought a book of Transfigurations for 880 gold pieces
 25436 | Orc:2    | Entered Level 2 of the Orcish Mines
 25446 | Orc:2    | Noticed Azrael
 25518 | Orc:2    | Paralysed by an ogre mage for 4 turns
 25519 | Orc:2    | Mangled by a deep troll

Vault maps used:
D:1:      zelgadis_glass_arrival_small, minmay_vboxes
D:2:      minmay_pentomino_o4
D:3:      grunt_temple_overflow_open
D:4:      lemuel_doored_altar, kennysheep_little_box, serial_shops,
          nicolae_shop_crystal
D:5:      minmay_temple_entry_overgrown, first_ration, basic_altar,
          water_maze_lemuel
D:6:      cheibrodos_fertilizer, lemuel_crystal_altar
D:7:      cheibrodos_two_vegetables, the_bakery, uniq_prince_ribbit1
D:8:      kennysheep_generic_room_7
D:9:      minmay_lair_entry_grove, david_orc_4
D:10:     nicolae_qazlal_eye_of_the_storm
D:11:     serial_shops, shop, hex_large, uniq_urug
Temple:   regret_index_temple_waves
Lair:1:   grunt_megastairs_2, uniq_harold
Lair:2:   swamp_mist_pool
Lair:3:   nicolae_spider_entry_tight_spaces, minivault_23
Lair:4:   uniq_sonja, uniq_snorg
Lair:5:   nicolae_volcano_entry_lava_flow, beast_lair_carwin_11,
          serial_bayou_shore_a, lemuel_fruit_fields
Lair:6:   minmay_lair_end_frog_pond, nicolae_slime_entry_slimehenge,
          minmay_hedge_maze, lemuel_oklob_altar, infiniplex_staircase_pool_2,
          uniq_nessos
Orc:1:    serial_shops, shop, shop
Orc:2:    st_orc_open, uniq_azrael, uniq_rupert

Skill      XL: |  1  2  3  4  5  6  7  8  9 10 11 12 13 14 |
---------------+-------------------------------------------+-----
Transmutations | 3 4 6 7 8 9 |  9.0
Unarmed Combat | 4 5 6 7 8 9 10 11 12 13 | 13.2
Fighting       | 2 3 4 5 6 7 8 10 11 12 | 12.7
Ice Magic      | 3 4 |  4.0
Invocations    | 4 6 8 |  8.0
Dodging        | 5 8 11 12 | 12.0
Spellcasting   | |  2.6

Action                   |  1- 3 |  4- 6 |  7- 9 | 10-12 | 13-15 || total
-------------------------+-------+-------+-------+-------+-------++-------
Melee: Unarmed           |    75 |   178 |   256 |   507 |   399 ||  1415
       Constrict         |    22 |    39 |    22 |    30 |     5 ||   118
       Kick              |    16 |    41 |    48 |    38 |       ||   143
       Tentacles         |     3 |    24 |    26 |    32 |    12 ||    97
       Punch             |       |     4 |     9 |    15 |     7 ||    35
 Cast: Beastly Appendage |    18 |    23 |    17 |    17 |       ||    75
       Spider Form       |       |     2 |    11 |     5 |       ||    18
       Ice Form          |       |       |       |    45 |    36 ||    81
       Regeneration      |       |       |       |       |     4 ||     4
Invok: Slouch            |       |       |       |     3 |     8 ||    11
       Bend Time         |       |       |       |     1 |     1 ||     2
       Step From Time    |       |       |       |       |     2 ||     2
  Use: Scroll            |       |       |     9 |    11 |     7 ||    27
       Potion            |       |       |     3 |     4 |     2 ||     9
 Stab: Sleeping          |     2 |     2 |       |     4 |     1 ||     9
       Distracted        |       |       |       |     4 |     2 ||     6
  Eat: Chunk             |     3 |    11 |     4 |    23 |    19 ||    60
       Ration            |       |       |     2 |     1 |       ||     3
Armor: Skin              |    12 |    34 |    31 |   136 |    70 ||   283
Dodge: Dodged            |    58 |   100 |   172 |   394 |   379 ||  1103
Block: Other             |       |       |    13 |    67 |    40 ||   120
       Reflection        |       |       |     2 |    11 |     1 ||    14
       Buckler           |       |       |    14 |    58 |    12 ||    84

Table legend:
 A = Spawn XP
 B = Non-spawn XP
 C = Spawn XP percentage of total XP
 D = Spawn monster count
 E = Non-spawn monster count
 F = Spawn count percentage of total count
 G = Total turns spent on level
                    A         B        C        D         E        F      G
               +---------+---------+-------+---------+---------+-------+---------
         Total |       0 |   71104 |   0.0 |       0 |     532 |   0.0 | 25519
               +---------+---------+-------+---------+---------+-------+---------
           D:1 |       0 |      23 |   0.0 |       0 |      14 |   0.0 |   877
           D:2 |       0 |      56 |   0.0 |       0 |      17 |   0.0 |  1062
           D:3 |       0 |     120 |   0.0 |       0 |      28 |   0.0 |  1220
           D:4 |       0 |     168 |   0.0 |       0 |      15 |   0.0 |  1485
           D:5 |       0 |     358 |   0.0 |       0 |      20 |   0.0 |   974
           D:6 |       0 |    1941 |   0.0 |       0 |      31 |   0.0 |  2109
           D:7 |       0 |    2461 |   0.0 |       0 |      45 |   0.0 |  1878
           D:8 |       0 |    1939 |   0.0 |       0 |      28 |   0.0 |  2595
           D:9 |       0 |    4532 |   0.0 |       0 |      59 |   0.0 |  1440
          D:10 |       0 |    5608 |   0.0 |       0 |      34 |   0.0 |  1340
          D:11 |       0 |    6362 |   0.0 |       0 |      45 |   0.0 |  1573
        Lair:1 |       0 |    3842 |   0.0 |       0 |      17 |   0.0 |  1309
        Lair:2 |       0 |    3141 |   0.0 |       0 |      11 |   0.0 |  1060
        Lair:3 |       0 |    5233 |   0.0 |       0 |      20 |   0.0 |  1599
        Lair:4 |       0 |    4698 |   0.0 |       0 |      18 |   0.0 |  1063
        Lair:5 |       0 |    4966 |   0.0 |       0 |      16 |   0.0 |  1710
        Lair:6 |       0 |   21603 |   0.0 |       0 |      75 |   0.0 |  1500
         Orc:1 |       0 |    2438 |   0.0 |       0 |      23 |   0.0 |   559
         Orc:2 |       0 |    1615 |   0.0 |       0 |      16 |   0.0 |    15
               +---------+---------+-------+---------+---------+-------+---------
